 Dungeon Crawl Stone Soup version 0.28.0 (webtiles) character file.

Game seed: 16148165512987363277

29 HallandMoats the Ruffian (level 3, -4/33 HPs)
             Began as a Ghoul Monk on Feb 12, 2022.
             Slain by Terence (14 damage)
             ... on level 2 of the Dungeon.
             The game lasted 00:01:41 (1599 turns).

HallandMoats the Ruffian (Ghoul Monk)               Turns: 1599, Time: 00:01:42

Health: -4/33      AC:  6    Str: 16    XL:     3   Next: 16%
Magic:  2/2        EV: 12    Int:  5    God:
Gold:   66         SH:  0    Dex: 11    Spells: 2/2 levels left

rFire   + . .      SeeInvis .     - Unarmed
rCold   + . .      Faith    .   (no shield)
rNeg    + + +      Spirit   .   a - +0 robe
rPois   ∞          Reflect  .   e - +0 helmet
rElec   .          Harm     .   (no cloak)
rCorr   .          Rampage  .   (no gloves)
Will    .....                   h - +2 pair of boots {Stlth+}
Stlth   +++.......              (no amulet)
HPRegen 0.00/turn               c - ring of protection from fire
MPRegen 0.08/turn               (no ring)

@: inhibited regen
A: claws 1, cold resistance 1, negative energy resistance 3, inhibited
regeneration, torment resistance 2
a: no special abilities


You were on level 2 of the Dungeon.
You visited 1 branch of the dungeon, and saw 2 of its levels.

You collected 66 gold pieces.

Inventory:

Hand Weapons
 g - a +2 hand axe of electrocution
Armour
 a - a +0 robe (worn)
 e - a +0 helmet (worn)
 h - a +2 pair of boots of stealth (worn)
Jewellery
 c - a ring of protection from fire (left claw)
Scrolls
 f - a scroll of teleportation {unknown}
Potions
 d - 4 potions of heal wounds


   Skills:
 * Level 3.7 Fighting
 + Level 0.5 Armour
 + Level 2.8 Dodging
 - Level 2.1 Stealth
 * Level 3.7 Unarmed Combat
 + Level 0.7 Invocations


You had 2 spell levels left.
You didn't know any spells.
Your spell library contained the following spells:

 Spells                   Type           Power      Damage    Failure   Level
 Ensorcelled Hibernation  Hex/Ice        0%         N/A       63%         2
 Passwall                 Tmut/Erth      0%         N/A       63%         2
 Swiftness                Air            0%         N/A       85%         3
 Anguish                  Hex/Necr       0%         N/A       99%         4
 Spider Form              Tmut/Pois      Unusable   N/A       N/A         3

Dungeon Overview and Level Annotations

Branches:
Dungeon (2/15)

Altars:
Xom

Annotations:
D:2 Terence


Innate Abilities, Weirdness & Mutations

You thrive by killing the living.
You are immune to poison.
You have sharp fingernails.
Your flesh is cold resistant. (rC+)
You are immune to negative energy. (rN+++)
You do not regenerate when monsters are visible.
You are immune to unholy pain and torment.


Message History

Found a stone staircase leading up.
There is an open door here.
There is an open door here.
A kobold comes into view. It is wielding a +1 dagger of speed.
A kobold is nearby!
The kobold shouts!
The kobold hits you but does no damage.
You closely miss the kobold. The kobold misses you.
You barely miss the kobold. The kobold hits you but does no damage.
You scratch the kobold.
You kill the kobold!
No target in view!
No target in view!
No target in view!
No target in view!
No target in view!
No target in view!
No target in view!
No target in view!
No target in view!
No target in view!
No target in view!
No target in view!
No target in view!
Things that are here:
a +1 dagger of speed; a kobold corpse Terence drinks a potion.
Terence seems to speed up.
As you read the scroll labelled KEAB ZATODIBA, it crumbles to dust.
It is a scroll of identify.
d - 4 potions of heal wounds You scratch Terence.
Terence is moderately wounded.
Terence hits you but does no damage.
You are electrocuted!!
Ouch! That really hurt!
You scratch Terence but do no damage.
Terence is moderately wounded.
Terence closely misses you.
Terence hits you with a +1 hand axe of electrocution.
You are electrocuted!
You die...

#.#(<......÷.......
#.#.#.....<........
#.#.#.....>........
#.#.#.#'#..........
#
#.#.#.#.#.########
#. #.#.#.#.#.# #..
#.....#.#+# +...
#.#...#..
#....#@@...#..
#..............
#...###...##...
.... .........# ...
##.#####.# .. #.#
.# . .# .. .


You could see Terence (fast).

Vanquished Creatures
  A worm (D:2)
  A dart slug (D:1)
  2 endoplasms
  3 giant cockroaches (D:1)
  A goblin (D:1)
  A hobgoblin (D:2)
  3 jackals (D:1)
  2 quokkas (D:1)
  2 bats (D:1)
  2 frilled lizards
  3 kobolds
  A rat (D:2)
22 creatures vanquished.

Notes
Turn   | Place    | Note
-------+----------+-------------------------------------------
     0 | D:1      | HallandMoats the Ghoul Monk began the quest for the Orb.
     0 | D:1      | Reached XP level 1. HP: 19/19 MP: 0/0
   274 | D:1      | Reached XP level 2. HP: 25/26 MP: 1/1
  1368 | D:2      | Noticed Terence
  1390 | D:2      | Found a shimmering altar of Xom.
  1418 | D:2      | Reached XP level 3. HP: 30/33 MP: 2/2
  1599 | D:2      | Slain by Terence

Illustrated notes

Levels and vault maps discovered:
D:1:      dpeg_arrival_pond, layout_basic, minmay_heptomino_w4
D:2:      layout_basic, basic_altar, uniq_terence, uniq_jessica

Action                   || total
-------------------------++-------
Melee: Unarmed           ||    92
       Punch             ||     2
  Use: Scroll            ||     1
 Stab: Sleeping          ||     2
Armor: Robe              ||    30
Dodge: Dodged            ||    63
